Americans vs Griffins

Created - Sunday, November 29, 2015 at 02:19

Goals
1 2 3 T
Americans 1 0 0 1
Griffins 3 1 1 5
Shots
1 2 3 T
Americans 14 5 6 25
Griffins 7 9 10 26

1st period

1. Griffins , William Nylander 4 (Mike Angelidis, T.J. Hensick) at 10:43
2. Griffins , Peter Regin 1 (Mark Mancari, Damien Brunner) at 10:52
3. Griffins , Peter Regin 2 (Mark Mancari, Damien Brunner) at 11:24
4. Americans , Nate Schmidt 7 (Grant Clitsome, Nick Cousins) at 13:16

Penalties :
Scott Valentine (GRG) for Tripping (Minor) at 0:29, Mike Angelidis (GRG) for Fighting (Major) at 10:46, Patrick Bordeleau (RCH) for Fighting (Major) at 10:46, Daniel Maggio (RCH) for Slashing (Minor) at 15:25

2nd period

5. Griffins , William Nylander 5 (T.J. Hensick, Mike Angelidis) at 1:00

Penalties :
Nate Schmidt (RCH) for Hooking (Minor) at 2:59, John McFarland (GRG) for Fighting (Major) at 5:24, Ruslan Fedotenko (RCH) for Fighting (Major) at 5:24, Mike Cornell (GRG) for Hooking (Minor) at 10:29, Damien Brunner (GRG) for Holding (Minor) at 18:49

3rd period

6. Griffins , Mark Mancari 1 (Damien Brunner, Peter Regin) at 2:06 (PP)

Penalties :
Daniel Maggio (RCH) for Hooking (Minor) at 2:02, Mike Angelidis (GRG) for Fighting (Major) at 9:12, Tim Jackman (RCH) for Fighting (Major) at 9:12, John McFarland (GRG) for Fighting (Major) at 18:48, Jerome Samson (RCH) for Fighting (Major) at 18:48, Tim Jackman (RCH) for Roughing (Minor) at 19:09

Goalie Stats

FARM GOALIE17 (RCH), 4 saves from 8 shots - (0.500), L, 0-2-0, 21:00 minutes
Petr Mrazek (RCH), 17 saves from 18 shots - (0.944), 39:00 minutes
Anton Forsberg (GRG), 24 saves from 25 shots - (0.960), W, 5-9-3, 60:00 minutes

Players Stats for Americans

Player Name              G  A  P  +/- PIM S  H  SB GA TA FO     MP     PP MP  PK MP  
------------------------------------------------------------------------------------
Daniel Maggio            0  0  0  -1  4   0  2  0  0  1  0/0    17:55   0:00   1:59 
Dany Heatley             0  0  0   0  0   0  1  1  1  0  0/0    21:07   3:09   2:09 
Dylan DeMelo             0  0  0  -1  0   1  1  0  0  0  0/0    20:17   2:35   1:16 
Grant Clitsome           0  1  1  -1  0   2  0  0  1  2  0/0    25:08   3:22   3:36 
Jake Chelios             0  0  0  -1  0   0  2  1  0  0  0/0    14:35   0:00   0:00 
Jerome Samson            0  0  0   0  5   1  0  2  0  0  0/0    12:34   0:00   0:29 
Justin Hodgman           0  0  0   0  0   3  1  0  1  1  1/3    10:14   0:00   0:00 
Kale Kessy               0  0  0   0  0   0  0  0  2  0  0/0     9:46   0:00   0:00 
Marc-Andre Cliche        0  0  0   0  0   5  0  1  1  0  10/20  20:11   3:09   3:33 
Nate Schmidt             1  0  1  -1  2   1  1  0  1  2  0/0    23:08   3:22   1:37 
Nick Cousins             0  1  1  -3  0   2  0  0  6  1  6/13   17:28   2:48   0:50 
Nick Drazenovic          0  0  0  -1  0   2  1  0  2  1  0/6    14:53   0:00   0:00 
Nick Sorkin              0  0  0   0  0   0  0  0  1  0  0/1    11:44   0:00   0:00 
Patrick Bordeleau        0  0  0  -2  5   1  1  0  1  0  1/1    13:58   2:48   0:12 
Peter Andersson          0  0  0  -1  0   0  1  1  0  0  0/0    20:17   2:35   1:16 
Ruslan Fedotenko         0  0  0   0  5   1  0  0  2  0  0/0     8:48   0:00   0:00 
Spencer Abbott           0  0  0  -3  0   2  0  0  0  1  0/0    15:37   2:48   0:00 
Tim Jackman              0  0  0   0  7   4  2  0  2  0  0/2    17:32   3:09   2:43 

Players Stats for Griffins

Player Name              G  A  P  +/- PIM S  H  SB GA TA FO     MP     PP MP  PK MP  
------------------------------------------------------------------------------------
Alex Boak                0  0  0   1  0   0  0  0  0  0  0/0     1:31   0:00   0:00 
Ben Eager                0  0  0   0  0   1  2  0  0  0  0/1    16:02   0:28   0:42 
Corey Trivino            0  0  0   0  0   1  1  1  0  0  4/6    15:09   0:00   2:13 
Damien Brunner           0  3  3   1  2   1  0  0  3  1  0/2    21:12   1:47   1:46 
Dylan Reese              0  0  0   1  0   0  1  1  0  3  0/0    24:34   1:32   0:58 
Jared Staal              0  0  0   0  0   2  2  1  3  0  2/4    12:12   0:00   1:12 
John McFarland           0  0  0   0  10  2  2  0  3  0  0/0    14:02   0:20   0:00 
Kellan Lain              0  0  0   0  0   0  6  0  0  0  2/2     7:18   0:00   0:00 
Mark Alt                 0  0  0   0  0   0  0  1  1  1  0/0    27:57   3:20   4:59 
Mark Mancari             1  2  3   1  0   2  2  0  1  0  0/0    17:19   2:07   0:46 
Mike Angelidis           0  2  2   2  10  1  0  0  1  2  0/0    15:05   2:17   0:46 
Mike Cornell             0  0  0   2  2   0  0  2  0  1  0/0    16:24   0:00   1:34 
Peter Regin              2  1  3   1  0   5  2  0  3  0  11/14  20:27   2:07   4:29 
Robert Hagg              0  0  0   1  0   0  1  2  0  1  0/0    22:57   1:32   0:58 
Scott Valentine          0  0  0   1  2   1  2  0  0  4  0/0    27:43   3:20   3:25 
T.J. Hensick             0  2  2   2  0   5  1  1  3  1  8/15   17:02   2:45   0:00 
William Nylander         2  0  2   2  0   5  1  1  5  1  1/2    17:02   2:45   0:00 
Zac Rinaldo              0  0  0   0  0   0  0  0  0  0  0/0     0:00   0:00   0:00 

3 Stars

1 - Peter Regin (GRG)
2 - William Nylander (GRG)
3 - Mark Mancari (GRG)

Power Play

Americans - 0 on 3 Attempt(s) - 0.00%
Griffins - 1 on 4 Attempt(s) - 25.00%

Penalty Kill

Americans - 3 on 4 Attempt(s) - 75.00% - Score 0 goal in Penalty Kill
Griffins - 3 on 3 Attempt(s) - 100.00% - Score 0 goal in Penalty Kill

Team Stat

Americans - Hits : 13 - Faceoff Wins : 18 - Blocked Shots : 6 - Penalty Minutes : 28
Griffins - Hits : 23 - Faceoff Wins : 28 - Blocked Shots : 10 - Penalty Minutes : 26

Official

Referees : Unknown
Linesman : Unknown

Game Notes

Patrick Bordeleau beats up Mike Angelidis at 10:46 of 1st period
Petr Mrazek enters game at 1:00 of 2nd period
John McFarland and Ruslan Fedotenko fight to a draw at 5:24 of 2nd period
Mike Angelidis and Tim Jackman fight to a draw at 9:12 of 3rd period
John McFarland and Jerome Samson fight to a draw at 18:48 of 3rd period

Finance

Level 1 -- Attendance: 1608 (80.40%) -- Ticket Income $56,280
Level 2 -- Attendance: 814 (81.40%) -- Ticket Income $12,210
Total Attendance: 2422 (80.73%)
Total Ticket Income: $68,490
Other Income: $33,560
Total Income: $102,050

Americans

5 vs 5 Forward 
   Center                   Left Wing                Right Wing               Time % Phy DF OF 
 1 Marc-Andre Cliche        Dany Heatley             Tim Jackman              35     1   2  2  
 2 Nick Cousins             Patrick Bordeleau        Spencer Abbott           30     1   2  2  
 3 Nick Drazenovic          Nick Sorkin              Jerome Samson            22     1   2  2  
 4 Justin Hodgman           Ruslan Fedotenko         Kale Kessy               13     1   2  2  

5 vs 5 Defense 
   Defense                  Defense                                           Time % Phy DF OF 
 1 Grant Clitsome           Nate Schmidt                                      35     1   2  2  
 2 Dylan DeMelo             Peter Andersson                                   30     1   2  2  
 3 Jake Chelios             Daniel Maggio                                     22     1   2  2  
 4 Grant Clitsome           Nate Schmidt                                      13     1   2  2  

PowerPlay Forward 
   Center                   Left Wing                Right Wing               Time % Phy DF OF 
 1 Marc-Andre Cliche        Dany Heatley             Tim Jackman              60     1   2  2  
 2 Nick Cousins             Patrick Bordeleau        Spencer Abbott           40     1   2  2  

PowerPlay Defense
   Defense                  Defense                                           Time % Phy DF OF 
 1 Grant Clitsome           Nate Schmidt                                      60     1   2  2  
 2 Dylan DeMelo             Peter Andersson                                   40     1   2  2  

Penalty Kill 4 Players Forward 
   Center                   Wing                     Time % Phy DF OF 
 1 Marc-Andre Cliche        Tim Jackman              60     1   2  2  
 2 Dany Heatley             Nick Cousins             40     1   2  2  

Penalty Kill 4 Players Defense
   Defense                  Defense                  Time % Phy DF OF 
 1 Grant Clitsome           Nate Schmidt             60     1   2  2  
 2 Dylan DeMelo             Peter Andersson          40     1   2  2  

Penalty Kill - 3 Players Forward 
   Forward                                           Time % Phy DF OF 
 1 Marc-Andre Cliche                                 60     1   2  2  
 2 Tim Jackman                                       40     1   2  2  

Penalty Kill - 3 Players Defense
   Defense                  Defense                  Time % Phy DF OF 
 1 Grant Clitsome           Nate Schmidt             60     1   2  2  
 2 Dylan DeMelo             Peter Andersson          40     1   2  2  

4 vs 4 Forward 
   Center                   Wing                     Time % Phy DF OF 
 1 Marc-Andre Cliche        Tim Jackman              60     1   2  2  
 2 Dany Heatley             Nick Cousins             40     1   2  2  

4 vs 4 Defense
   Defense                  Defense                  Time % Phy DF OF 
 1 Grant Clitsome           Nate Schmidt             60     1   2  2  
 2 Dylan DeMelo             Peter Andersson          40     1   2  2  

Last Minutes Offensive
   Center                   Left Wing                Right Wing               Defense                  Defense                  
   Marc-Andre Cliche        Dany Heatley             Tim Jackman              Grant Clitsome           Nate Schmidt             

Last Minutes Defensive
   Center                   Left Wing                Right Wing               Defense                  Defense                  
   Marc-Andre Cliche        Dany Heatley             Tim Jackman              Grant Clitsome           Nate Schmidt             

Goaltenders
Starting : FARM GOALIE17            
Backup : Petr Mrazek              

Extra Forwards
Normal : Nick Drazenovic, Justin Hodgman, Jerome Samson - PP : Nick Drazenovic, Justin Hodgman - PK : Jerome Samson
Extra Defensemen
Normal : Jake Chelios, Daniel Maggio, Dylan DeMelo - PP : Jake Chelios - PK : Daniel Maggio, Dylan DeMelo
Penalty Shots
Marc-Andre Cliche, Tim Jackman, Dany Heatley, Nick Cousins, Patrick Bordeleau

Griffins

5 vs 5 Forward 
   Center                   Left Wing                Right Wing               Time % Phy DF OF 
 1 Peter Regin              Damien Brunner           Mark Mancari             35     1   2  2  
 2 T.J. Hensick             Mike Angelidis           William Nylander         30     1   2  2  
 3 Corey Trivino            Ben Eager                John McFarland           22     1   2  2  
 4 Kellan Lain              Damien Brunner           Jared Staal              13     1   2  2  

5 vs 5 Defense 
   Defense                  Defense                                           Time % Phy DF OF 
 1 Scott Valentine          Mark Alt                                          35     1   2  2  
 2 Dylan Reese              Robert Hagg                                       30     1   2  2  
 3 Scott Valentine          Mike Cornell                                      22     1   2  2  
 4 Dylan Reese              Mark Alt                                          13     1   2  2  

PowerPlay Forward 
   Center                   Left Wing                Right Wing               Time % Phy DF OF 
 1 Peter Regin              Damien Brunner           Mark Mancari             60     1   2  2  
 2 T.J. Hensick             Mike Angelidis           William Nylander         40     1   2  2  

PowerPlay Defense
   Defense                  Defense                                           Time % Phy DF OF 
 1 Scott Valentine          Mark Alt                                          60     1   2  2  
 2 Dylan Reese              Robert Hagg                                       40     1   2  2  

Penalty Kill 4 Players Forward 
   Center                   Wing                     Time % Phy DF OF 
 1 Damien Brunner           Peter Regin              60     1   2  2  
 2 Mike Angelidis           Mark Mancari             40     1   2  2  

Penalty Kill 4 Players Defense
   Defense                  Defense                  Time % Phy DF OF 
 1 Scott Valentine          Mark Alt                 60     1   2  2  
 2 Dylan Reese              Robert Hagg              40     1   2  2  

Penalty Kill - 3 Players Forward 
   Forward                                           Time % Phy DF OF 
 1 Damien Brunner                                    60     1   2  2  
 2 Peter Regin                                       40     1   2  2  

Penalty Kill - 3 Players Defense
   Defense                  Defense                  Time % Phy DF OF 
 1 Scott Valentine          Mark Alt                 60     1   2  2  
 2 Dylan Reese              Robert Hagg              40     1   2  2  

4 vs 4 Forward 
   Center                   Wing                     Time % Phy DF OF 
 1 Damien Brunner           Peter Regin              60     1   2  2  
 2 Mike Angelidis           Mark Mancari             40     1   2  2  

4 vs 4 Defense
   Defense                  Defense                  Time % Phy DF OF 
 1 Mike Cornell             Mark Alt                 60     1   2  2  
 2 Dylan Reese              Robert Hagg              40     1   2  2  

Last Minutes Offensive
   Center                   Left Wing                Right Wing               Defense                  Defense                  
   Peter Regin              Damien Brunner           Mark Mancari             Dylan Reese              Mark Alt                 

Last Minutes Defensive
   Center                   Left Wing                Right Wing               Defense                  Defense                  
   Peter Regin              Damien Brunner           Mark Mancari             Dylan Reese              Mark Alt                 

Goaltenders
Starting : Anton Forsberg           
Backup : Peter Budaj              

Extra Forwards
Normal : Damien Brunner, John McFarland, Jared Staal - PP : Damien Brunner, John McFarland - PK : Jared Staal
Extra Defensemen
Normal : Scott Valentine, Mike Cornell, Dylan Reese - PP : Scott Valentine - PK : Mike Cornell, Dylan Reese
Penalty Shots
Damien Brunner, Peter Regin, Mike Angelidis, Mark Mancari, T.J. Hensick

% Time on Ice - Americans

Lines # - Real PCT - Wanted PCT - Time Play
Normal Forward
1 - 28% - 35% - 13:51
2 - 28% - 30% - 13:50
3 - 24% - 22% - 11:44
4 - 20% - 13% - 9:46
Normal Defense
1 - 32% - 35% - 15:43
2 - 33% - 30% - 16:26
3 - 30% - 22% - 14:35
4 - 5% - 13% - 2:27
PP Forward
1 - 53% - 60% - 3:09
2 - 47% - 40% - 2:48
PP Defense
1 - 57% - 60% - 3:22
2 - 43% - 40% - 2:35
PK Forward
1 - 83% - 60% - 4:02
2 - 17% - 40% - 0:50
PK Defense
1 - 74% - 60% - 3:36
2 - 26% - 40% - 1:16
PK3 Forward
1 - 0% - 60%
2 - 0% - 40%
PK3 Defense
1 - 0% - 60%
2 - 0% - 40%
44 Forward
1 - 0% - 60%
2 - 0% - 40%
44 Defense
1 - 0% - 60%
2 - 0% - 40%
Last Minute Offensive  - 0:00
Last Minute Defensive  - 0:00
Total
Forward - 60:00
Defense - 60:00

% Time on Ice - Griffins

Lines # - Real PCT - Wanted PCT - Time Play
Normal Forward
1 - 28% - 35% - 13:51
2 - 31% - 30% - 15:11
3 - 26% - 22% - 12:51
4 - 15% - 13% - 7:18
Normal Defense
1 - 26% - 35% - 13:02
2 - 39% - 30% - 19:25
3 - 26% - 22% - 12:43
4 - 8% - 13% - 4:01
PP Forward
1 - 43% - 60% - 2:07
2 - 57% - 40% - 2:45
PP Defense
1 - 68% - 60% - 3:20
2 - 32% - 40% - 1:32
PK Forward
1 - 87% - 60% - 5:11
2 - 13% - 40% - 0:46
PK Defense
1 - 84% - 60% - 4:59
2 - 16% - 40% - 0:58
PK3 Forward
1 - 0% - 60%
2 - 0% - 40%
PK3 Defense
1 - 0% - 60%
2 - 0% - 40%
44 Forward
1 - 0% - 60%
2 - 0% - 40%
44 Defense
1 - 0% - 60%
2 - 0% - 40%
Last Minute Offensive  - 0:00
Last Minute Defensive  - 0:00
Total
Forward - 60:00
Defense - 60:00

Play by Play

1st period


0:01 of 1st period - Peter Regin wins face-off versus Marc-Andre Cliche in neutral zone.
0:29 of 1st period - Minor Penalty to Scott Valentine for Tripping.
0:30 of 1st period - Nick Cousins wins face-off versus Damien Brunner in Griffins zone.
0:36 of 1st period - Slapshot by Nick Cousins.
0:36 of 1st period - Stopped by Anton Forsberg without a rebound.
0:37 of 1st period - Nick Cousins wins face-off versus Damien Brunner in Griffins zone.
0:44 of 1st period - Snap shot by Patrick Bordeleau.
0:44 of 1st period - Shot Blocked by Mike Cornell.
1:36 of 1st period - Wrist shot by Tim Jackman.
1:36 of 1st period - Stopped by Anton Forsberg with a rebound.
1:38 of 1st period - Snap shot by Dany Heatley.
1:38 of 1st period - Shot Misses the Net.
1:40 of 1st period - Snap shot by Marc-Andre Cliche.
1:40 of 1st period - Stopped by Anton Forsberg with a rebound.
1:42 of 1st period - Snap shot by Peter Andersson.
1:42 of 1st period - Deflect By Tim Jackman.
1:42 of 1st period - Stopped by Anton Forsberg with a rebound.
1:44 of 1st period - Wrist shot by Marc-Andre Cliche.
1:44 of 1st period - Stopped by Anton Forsberg with a rebound.
1:46 of 1st period - Snap shot by Marc-Andre Cliche.
1:46 of 1st period - Shot Misses the Net.
2:29 of 1st period - Penalty to Scott Valentine is over, Scott Valentine is back on ice.
2:51 of 1st period - Snap shot by Jerome Samson.
2:51 of 1st period - Stopped by Anton Forsberg with a rebound.
3:31 of 1st period - Corey Trivino is hit by Jake Chelios and loses puck.
3:36 of 1st period - Slapshot by Grant Clitsome.
3:36 of 1st period - Deflect By John McFarland.
3:36 of 1st period - Stopped by Anton Forsberg with a rebound.
3:38 of 1st period - Wrist shot by Nate Schmidt.
3:38 of 1st period - Shot Misses the Net.
3:56 of 1st period - Slapshot by Grant Clitsome.
3:56 of 1st period - Deflect By Justin Hodgman.
3:56 of 1st period - Stopped by Anton Forsberg with a rebound.
4:44 of 1st period - Wrist shot by Tim Jackman.
4:44 of 1st period - Stopped by Anton Forsberg with a rebound.
5:39 of 1st period - Off-side.
5:40 of 1st period - Justin Hodgman wins face-off versus T.J. Hensick in neutral zone.
5:43 of 1st period - Slapshot by Grant Clitsome.
5:43 of 1st period - Shot Blocked by Dylan Reese.
5:57 of 1st period - Justin Hodgman is hit by William Nylander and loses puck.
6:38 of 1st period - Mark Mancari is hit by Dylan DeMelo and loses puck.
6:54 of 1st period - Icing by Robert Hagg.
6:55 of 1st period - Peter Regin wins face-off versus Marc-Andre Cliche in Griffins zone.
8:51 of 1st period - Backhand shot by Peter Regin.
8:51 of 1st period - Shot Misses the Net.
8:53 of 1st period - Snap shot by Peter Regin.
8:53 of 1st period - Stopped by FARM GOALIE17 with a rebound.
8:55 of 1st period - Wrist shot by Jared Staal.
8:55 of 1st period - Deflect By Peter Regin.
8:55 of 1st period - Shot Misses the Net.
8:55 of 1st period - Puck is out of play.
8:56 of 1st period - Jared Staal wins face-off versus Nick Drazenovic in Americans zone.
9:07 of 1st period - Nick Sorkin is hit by Jared Staal and loses puck.
9:37 of 1st period - Nick Sorkin is hit by Mark Mancari and loses puck.
10:08 of 1st period - Wrist shot by Tim Jackman.
10:08 of 1st period - Shot Blocked by Corey Trivino.
10:16 of 1st period - Snap shot by Marc-Andre Cliche.
10:16 of 1st period - Stopped by Anton Forsberg with a rebound.
10:18 of 1st period - Snap shot by Dany Heatley.
10:18 of 1st period - Shot Blocked by Robert Hagg.
10:37 of 1st period - Icing by Nick Cousins.
10:38 of 1st period - T.J. Hensick wins face-off versus Nick Cousins in Americans zone.
10:43 of 1st period - Snap shot by William Nylander.
10:43 of 1st period - Goal by William Nylander - Americans : 0 - Griffins : 1.
10:44 of 1st period - T.J. Hensick wins face-off versus Nick Cousins in neutral zone.
10:46 of 1st period - Patrick Bordeleau beats up Mike Angelidis.
10:46 of 1st period - Penalty to Mike Angelidis for Fighting.
10:46 of 1st period - Penalty to Patrick Bordeleau for Fighting.
10:47 of 1st period - Peter Regin wins face-off versus Nick Cousins in Americans zone.
10:52 of 1st period - Wrist shot by Peter Regin.
10:52 of 1st period - Goal by Peter Regin - Americans : 0 - Griffins : 2.
10:53 of 1st period - Nick Cousins wins face-off versus Peter Regin in neutral zone.
11:04 of 1st period - Wrist shot by Grant Clitsome.
11:04 of 1st period - Shot Misses the Net.
11:18 of 1st period - Snap shot by Damien Brunner.
11:18 of 1st period - Shot Misses the Net.
11:20 of 1st period - Snap shot by Mark Mancari.
11:20 of 1st period - Stopped by FARM GOALIE17 with a rebound.
11:22 of 1st period - Snap shot by Peter Regin.
11:22 of 1st period - Shot Misses the Net.
11:24 of 1st period - Slapshot by Peter Regin.
11:24 of 1st period - Goal by Peter Regin - Americans : 0 - Griffins : 3.
11:25 of 1st period - T.J. Hensick wins face-off versus Marc-Andre Cliche in neutral zone.
12:56 of 1st period - Wrist shot by Nick Cousins.
12:56 of 1st period - Shot Blocked by Mike Cornell.
12:58 of 1st period - Wrist shot by Spencer Abbott.
12:58 of 1st period - Shot Misses the Net.
13:14 of 1st period - Slapshot by Grant Clitsome.
13:14 of 1st period - Stopped by Anton Forsberg with a rebound.
13:16 of 1st period - Slapshot by Nate Schmidt.
13:16 of 1st period - Goal by Nate Schmidt - Americans : 1 - Griffins : 3.
13:17 of 1st period - T.J. Hensick wins face-off versus Justin Hodgman in neutral zone.
13:45 of 1st period - Snap shot by T.J. Hensick.
13:45 of 1st period - Stopped by FARM GOALIE17 with a rebound.
14:28 of 1st period - Wrist shot by Spencer Abbott.
14:28 of 1st period - Stopped by Anton Forsberg with a rebound.
14:30 of 1st period - Slapshot by Nick Drazenovic.
14:30 of 1st period - Shot Blocked by Robert Hagg.
14:32 of 1st period - Snap shot by Nick Drazenovic.
14:32 of 1st period - Shot Misses the Net.
14:34 of 1st period - Snap shot by Spencer Abbott.
14:34 of 1st period - Stopped by Anton Forsberg with a rebound.
15:06 of 1st period - John McFarland is hit by Jake Chelios and loses puck.
15:25 of 1st period - Minor Penalty to Daniel Maggio for Slashing.
15:26 of 1st period - Marc-Andre Cliche wins face-off versus T.J. Hensick in Americans zone.
15:26 of 1st period - Marc-Andre Cliche is hit by Ben Eager.
15:40 of 1st period - Wrist shot by T.J. Hensick.
15:40 of 1st period - Shot Misses the Net.
15:42 of 1st period - Snap shot by William Nylander.
15:42 of 1st period - Shot Misses the Net.
15:44 of 1st period - Backhand shot by Mark Alt.
15:44 of 1st period - Shot Misses the Net.
15:46 of 1st period - Penalty to Patrick Bordeleau is over, Patrick Bordeleau is back on ice.
15:46 of 1st period - Slapshot by William Nylander.
15:46 of 1st period - Shot Misses the Net.
16:15 of 1st period - Marc-Andre Cliche is hit by T.J. Hensick and loses puck.
16:30 of 1st period - Marc-Andre Cliche is hit by Scott Valentine and loses puck.
17:25 of 1st period - Penalty to Daniel Maggio is over, Daniel Maggio is back on ice.
17:33 of 1st period - John McFarland is hit by Daniel Maggio and loses puck.
17:46 of 1st period - Slapshot by Scott Valentine.
17:46 of 1st period - Stopped by FARM GOALIE17 with a rebound.
17:48 of 1st period - Snap shot by John McFarland.
17:48 of 1st period - Shot Misses the Net.
18:02 of 1st period - Grant Clitsome is hit by Kellan Lain and loses puck.
18:58 of 1st period - Snap shot by Nick Drazenovic.
18:58 of 1st period - Shot Misses the Net.
19:00 of 1st period - Snap shot by Jerome Samson.
19:00 of 1st period - Shot Misses the Net.
19:02 of 1st period - Snap shot by Nick Drazenovic.
19:02 of 1st period - Shot Misses the Net.
Goals for this period are 1 for Americans vs 3 for Griffins.
Shots for this period are 14 for Americans vs 7 for Griffins.

2nd period


0:01 of 2nd period - Peter Regin wins face-off versus Marc-Andre Cliche in neutral zone.
1:00 of 2nd period - Slapshot by William Nylander.
1:00 of 2nd period - Goal by William Nylander - Americans : 1 - Griffins : 4.
1:00 of 2nd period - Petr Mrazek enters game.
1:01 of 2nd period - Nick Cousins wins face-off versus T.J. Hensick in neutral zone.
1:12 of 2nd period - Snap shot by Patrick Bordeleau.
1:12 of 2nd period - Stopped by Anton Forsberg with a rebound.
1:18 of 2nd period - Snap shot by Mike Angelidis.
1:18 of 2nd period - Shot Misses the Net.
1:20 of 2nd period - Snap shot by T.J. Hensick.
1:20 of 2nd period - Shot Misses the Net.
1:47 of 2nd period - Off-side.
1:48 of 2nd period - Marc-Andre Cliche wins face-off versus Peter Regin in neutral zone.
1:50 of 2nd period - Off-side.
1:51 of 2nd period - Peter Regin wins face-off versus Marc-Andre Cliche in neutral zone.
2:19 of 2nd period - Dylan DeMelo is hit by Mark Mancari and loses puck.
2:30 of 2nd period - Marc-Andre Cliche is hit by Peter Regin and loses puck.
2:59 of 2nd period - Minor Penalty to Nate Schmidt for Hooking.
3:00 of 2nd period - William Nylander wins face-off versus Marc-Andre Cliche in Americans zone.
3:00 of 2nd period - Snap shot by T.J. Hensick.
3:00 of 2nd period - Shot Misses the Net.
3:02 of 2nd period - Slapshot by T.J. Hensick.
3:02 of 2nd period - Shot Misses the Net.
3:34 of 2nd period - Backhand shot by T.J. Hensick.
3:34 of 2nd period - Stopped by Petr Mrazek without a rebound.
3:35 of 2nd period - Peter Regin wins face-off versus Marc-Andre Cliche in Americans zone.
3:40 of 2nd period - Snap shot by Peter Regin.
3:40 of 2nd period - Shot Misses the Net.
4:59 of 2nd period - Penalty to Nate Schmidt is over, Nate Schmidt is back on ice.
5:24 of 2nd period - John McFarland and Ruslan Fedotenko fight to a draw.
5:24 of 2nd period - Penalty to John McFarland for Fighting.
5:24 of 2nd period - Penalty to Ruslan Fedotenko for Fighting.
5:25 of 2nd period - Nick Cousins wins face-off versus Corey Trivino in neutral zone.
5:40 of 2nd period - Spencer Abbott is hit by Robert Hagg and loses puck.
6:03 of 2nd period - Slapshot by T.J. Hensick.
6:03 of 2nd period - Shot Misses the Net.
6:05 of 2nd period - Slapshot by Robert Hagg.
6:05 of 2nd period - Shot Misses the Net.
6:07 of 2nd period - Wrist shot by Mike Angelidis.
6:07 of 2nd period - Deflect By T.J. Hensick.
6:07 of 2nd period - Stopped by Petr Mrazek with a rebound.
6:09 of 2nd period - Slapshot by Robert Hagg.
6:09 of 2nd period - Shot Misses the Net.
6:11 of 2nd period - Slapshot by Mike Angelidis.
6:11 of 2nd period - Shot Misses the Net.
6:13 of 2nd period - Snap shot by William Nylander.
6:13 of 2nd period - Stopped by Petr Mrazek without a rebound.
6:14 of 2nd period - T.J. Hensick wins face-off versus Nick Sorkin in Americans zone.
6:17 of 2nd period - Snap shot by T.J. Hensick.
6:17 of 2nd period - Shot Blocked by Jerome Samson.
6:35 of 2nd period - Wrist shot by Grant Clitsome.
6:35 of 2nd period - Shot Misses the Net.
7:01 of 2nd period - Snap shot by Kale Kessy.
7:01 of 2nd period - Shot Misses the Net.
7:03 of 2nd period - Snap shot by Dany Heatley.
7:03 of 2nd period - Shot Blocked by Mark Alt.
7:07 of 2nd period - Snap shot by Dany Heatley.
7:07 of 2nd period - Shot Misses the Net.
7:09 of 2nd period - Slapshot by Dylan DeMelo.
7:09 of 2nd period - Deflect By Corey Trivino.
7:09 of 2nd period - Stopped by Anton Forsberg with a rebound.
7:11 of 2nd period - Snap shot by Dany Heatley.
7:11 of 2nd period - Deflect By Justin Hodgman.
7:11 of 2nd period - Stopped by Anton Forsberg with a rebound.
7:13 of 2nd period - Slapshot by Kale Kessy.
7:13 of 2nd period - Shot Misses the Net.
7:15 of 2nd period - Snap shot by Dany Heatley.
7:15 of 2nd period - Deflect By Kale Kessy.
7:15 of 2nd period - Shot Misses the Net.
7:15 of 2nd period - Puck is out of play.
7:16 of 2nd period - Peter Regin wins face-off versus Tim Jackman in Griffins zone.
8:23 of 2nd period - Snap shot by Mike Angelidis.
8:23 of 2nd period - Deflect By William Nylander.
8:23 of 2nd period - Stopped by Petr Mrazek with a rebound.
8:25 of 2nd period - Slapshot by Mark Alt.
8:25 of 2nd period - Shot Misses the Net.
8:27 of 2nd period - Slapshot by Scott Valentine.
8:27 of 2nd period - Deflect By Mike Angelidis.
8:27 of 2nd period - Stopped by Petr Mrazek with a rebound.
8:53 of 2nd period - Nick Drazenovic is hit by Jared Staal and loses puck.
8:58 of 2nd period - Wrist shot by Corey Trivino.
8:58 of 2nd period - Shot Misses the Net.
9:00 of 2nd period - Snap shot by Corey Trivino.
9:00 of 2nd period - Shot Misses the Net.
9:02 of 2nd period - Slapshot by Robert Hagg.
9:02 of 2nd period - Deflect By Ben Eager.
9:02 of 2nd period - Stopped by Petr Mrazek with a rebound.
9:04 of 2nd period - Snap shot by Jared Staal.
9:04 of 2nd period - Stopped by Petr Mrazek with a rebound.
9:44 of 2nd period - Snap shot by Kale Kessy.
9:44 of 2nd period - Shot Misses the Net.
9:52 of 2nd period - Dylan DeMelo is hit by Kellan Lain and loses puck.
9:59 of 2nd period - Dylan Reese is hit by Dany Heatley and loses puck.
10:16 of 2nd period - Snap shot by Marc-Andre Cliche.
10:16 of 2nd period - Stopped by Anton Forsberg without a rebound.
10:17 of 2nd period - Marc-Andre Cliche wins face-off versus T.J. Hensick in Griffins zone.
10:29 of 2nd period - Minor Penalty to Mike Cornell for Hooking.
10:30 of 2nd period - Corey Trivino wins face-off versus Nick Cousins in Griffins zone.
11:08 of 2nd period - Peter Regin is hit by Tim Jackman and loses puck.
11:39 of 2nd period - Snap shot by Patrick Bordeleau.
11:39 of 2nd period - Shot Misses the Net.
11:55 of 2nd period - Snap shot by Marc-Andre Cliche.
11:55 of 2nd period - Stopped by Anton Forsberg without a rebound.
11:56 of 2nd period - Corey Trivino wins face-off versus Marc-Andre Cliche in Griffins zone.
12:05 of 2nd period - Robert Hagg is hit by Tim Jackman and loses puck.
12:20 of 2nd period - Grant Clitsome is hit by Dylan Reese and loses puck.
12:29 of 2nd period - Penalty to Mike Cornell is over, Mike Cornell is back on ice.
12:56 of 2nd period - Off-side.
12:57 of 2nd period - T.J. Hensick wins face-off versus Justin Hodgman in neutral zone.
13:24 of 2nd period - Slapshot by Justin Hodgman.
13:24 of 2nd period - Shot Misses the Net.
13:46 of 2nd period - Corey Trivino is hit by Daniel Maggio and loses puck.
14:29 of 2nd period - Mark Alt is hit by Nate Schmidt and loses puck.
15:54 of 2nd period - Spencer Abbott is hit by John McFarland and loses puck.
16:09 of 2nd period - Wrist shot by Damien Brunner.
16:09 of 2nd period - Stopped by Petr Mrazek with a rebound.
17:11 of 2nd period - Nate Schmidt is hit by Ben Eager and loses puck.
17:57 of 2nd period - Backhand shot by Nick Cousins.
17:57 of 2nd period - Deflect By Patrick Bordeleau.
17:57 of 2nd period - Shot Misses the Net.
17:57 of 2nd period - Puck is out of play.
17:58 of 2nd period - Patrick Bordeleau wins face-off versus Ben Eager in Griffins zone.
17:59 of 2nd period - Slapshot by Nick Cousins.
17:59 of 2nd period - Shot Misses the Net.
18:49 of 2nd period - Minor Penalty to Damien Brunner for Holding.
18:50 of 2nd period - Marc-Andre Cliche wins face-off versus Jared Staal in Griffins zone.
Goals for this period are 0 for Americans vs 1 for Griffins.
Shots for this period are 5 for Americans vs 9 for Griffins.

3rd period


0:01 of 3rd period - Jared Staal wins face-off versus Marc-Andre Cliche in neutral zone.
0:06 of 3rd period - Backhand shot by Jared Staal.
0:06 of 3rd period - Stopped by Petr Mrazek without a rebound.
0:07 of 3rd period - Marc-Andre Cliche wins face-off versus Jared Staal in Americans zone.
0:49 of 3rd period - Penalty to Damien Brunner is over, Damien Brunner is back on ice.
0:53 of 3rd period - Off-side.
0:54 of 3rd period - Nick Cousins wins face-off versus William Nylander in neutral zone.
1:16 of 3rd period - Wrist shot by T.J. Hensick.
1:16 of 3rd period - Stopped by Petr Mrazek without a rebound.
1:17 of 3rd period - Corey Trivino wins face-off versus Nick Drazenovic in Americans zone.
1:18 of 3rd period - Wrist shot by John McFarland.
1:18 of 3rd period - Stopped by Petr Mrazek without a rebound.
1:19 of 3rd period - Corey Trivino wins face-off versus Nick Drazenovic in Americans zone.
1:28 of 3rd period - Snap shot by John McFarland.
1:28 of 3rd period - Shot Misses the Net.
1:48 of 3rd period - Snap shot by Corey Trivino.
1:48 of 3rd period - Shot Blocked by Jake Chelios.
2:02 of 3rd period - Minor Penalty to Daniel Maggio for Hooking.
2:03 of 3rd period - Peter Regin wins face-off versus Tim Jackman in Americans zone.
2:04 of 3rd period - Slapshot by Damien Brunner.
2:04 of 3rd period - Shot Blocked by Marc-Andre Cliche.
2:06 of 3rd period - Snap shot by Mark Mancari.
2:06 of 3rd period - Goal by Mark Mancari - Americans : 1 - Griffins : 5.
2:07 of 3rd period - Marc-Andre Cliche wins face-off versus Peter Regin in neutral zone.
2:38 of 3rd period - Tim Jackman is hit by Scott Valentine and loses puck.
3:02 of 3rd period - Icing by Grant Clitsome.
3:03 of 3rd period - T.J. Hensick wins face-off versus Nick Cousins in Americans zone.
3:22 of 3rd period - William Nylander is hit by Patrick Bordeleau.
3:57 of 3rd period - Snap shot by John McFarland.
3:57 of 3rd period - Shot Blocked by Jerome Samson.
3:59 of 3rd period - Snap shot by Corey Trivino.
3:59 of 3rd period - Stopped by Petr Mrazek without a rebound.
4:00 of 3rd period - Marc-Andre Cliche wins face-off versus Corey Trivino in Americans zone.
4:07 of 3rd period - Wrist shot by Tim Jackman.
4:07 of 3rd period - Shot Misses the Net.
4:09 of 3rd period - Wrist shot by Tim Jackman.
4:09 of 3rd period - Stopped by Anton Forsberg with a rebound.
4:22 of 3rd period - Snap shot by Tim Jackman.
4:22 of 3rd period - Shot Misses the Net.
4:26 of 3rd period - Snap shot by Marc-Andre Cliche.
4:26 of 3rd period - Shot Misses the Net.
4:57 of 3rd period - Mark Mancari is hit by Nick Drazenovic and loses puck.
5:50 of 3rd period - Wrist shot by William Nylander.
5:50 of 3rd period - Shot Misses the Net.
6:17 of 3rd period - Dylan DeMelo is hit by Kellan Lain.
6:33 of 3rd period - Nate Schmidt is hit by Kellan Lain and loses puck.
6:46 of 3rd period - Wrist shot by Nick Cousins.
6:46 of 3rd period - Shot Misses the Net.
6:48 of 3rd period - Wrist shot by Spencer Abbott.
6:48 of 3rd period - Shot Misses the Net.
6:52 of 3rd period - Snap shot by Nick Cousins.
6:52 of 3rd period - Shot Misses the Net.
6:54 of 3rd period - Slapshot by Grant Clitsome.
6:54 of 3rd period - Shot Blocked by Jared Staal.
7:24 of 3rd period - Backhand shot by Ben Eager.
7:24 of 3rd period - Shot Misses the Net.
8:12 of 3rd period - Slapshot by Nick Drazenovic.
8:12 of 3rd period - Stopped by Anton Forsberg with a rebound.
8:22 of 3rd period - Slapshot by Mike Angelidis.
8:22 of 3rd period - Shot Misses the Net.
8:24 of 3rd period - Snap shot by William Nylander.
8:24 of 3rd period - Stopped by Petr Mrazek with a rebound.
8:26 of 3rd period - Snap shot by William Nylander.
8:26 of 3rd period - Shot Misses the Net.
8:28 of 3rd period - Slapshot by Dylan Reese.
8:28 of 3rd period - Deflect By T.J. Hensick.
8:28 of 3rd period - Stopped by Petr Mrazek without a rebound.
8:29 of 3rd period - Peter Regin wins face-off versus Nick Cousins in Americans zone.
8:34 of 3rd period - Slapshot by Mark Mancari.
8:34 of 3rd period - Shot Blocked by Peter Andersson.
9:12 of 3rd period - Mike Angelidis and Tim Jackman fight to a draw.
9:12 of 3rd period - Penalty to Mike Angelidis for Fighting.
9:12 of 3rd period - Penalty to Tim Jackman for Fighting.
9:13 of 3rd period - Marc-Andre Cliche wins face-off versus T.J. Hensick in neutral zone.
9:34 of 3rd period - Snap shot by Dany Heatley.
9:34 of 3rd period - Shot Misses the Net.
9:40 of 3rd period - Jake Chelios is hit by John McFarland.
10:24 of 3rd period - Snap shot by Mark Mancari.
10:24 of 3rd period - Shot Blocked by Dany Heatley.
10:48 of 3rd period - Slapshot by Patrick Bordeleau.
10:48 of 3rd period - Deflect By Nick Cousins.
10:48 of 3rd period - Stopped by Anton Forsberg with a rebound.
10:50 of 3rd period - Snap shot by Nick Cousins.
10:50 of 3rd period - Shot Misses the Net.
11:18 of 3rd period - Slapshot by John McFarland.
11:18 of 3rd period - Stopped by Petr Mrazek with a rebound.
11:30 of 3rd period - Scott Valentine is hit by Justin Hodgman.
11:56 of 3rd period - Icing by Mike Cornell.
11:57 of 3rd period - Peter Regin wins face-off versus Nick Drazenovic in Griffins zone.
12:33 of 3rd period - John McFarland is hit by Peter Andersson and loses puck.
14:12 of 3rd period - Slapshot by Grant Clitsome.
14:12 of 3rd period - Shot Blocked by William Nylander.
14:14 of 3rd period - Slapshot by Nick Cousins.
14:14 of 3rd period - Shot Misses the Net.
14:16 of 3rd period - Wrist shot by Grant Clitsome.
14:16 of 3rd period - Deflect By Nick Cousins.
14:16 of 3rd period - Shot Blocked by T.J. Hensick.
14:16 of 3rd period - Puck is out of play.
14:17 of 3rd period - T.J. Hensick wins face-off versus Nick Cousins in Griffins zone.
15:14 of 3rd period - Slapshot by Grant Clitsome.
15:14 of 3rd period - Deflect By Justin Hodgman.
15:14 of 3rd period - Stopped by Anton Forsberg with a rebound.
15:16 of 3rd period - Slapshot by Grant Clitsome.
15:16 of 3rd period - Shot Misses the Net.
15:22 of 3rd period - Snap shot by Ruslan Fedotenko.
15:22 of 3rd period - Stopped by Anton Forsberg with a rebound.
15:49 of 3rd period - Snap shot by Jared Staal.
15:49 of 3rd period - Shot Misses the Net.
17:23 of 3rd period - Ruslan Fedotenko is hit by Kellan Lain and loses puck.
17:45 of 3rd period - Grant Clitsome is hit by Corey Trivino.
18:01 of 3rd period - Tim Jackman is hit by Peter Regin and loses puck.
18:25 of 3rd period - Wrist shot by Nick Drazenovic.
18:25 of 3rd period - Stopped by Anton Forsberg without a rebound.
18:26 of 3rd period - Kellan Lain wins face-off versus Nick Drazenovic in Griffins zone.
18:30 of 3rd period - Off-side.
18:31 of 3rd period - Kellan Lain wins face-off versus Nick Drazenovic in neutral zone.
18:34 of 3rd period - Nate Schmidt is hit by Kellan Lain and loses puck.
18:48 of 3rd period - John McFarland and Jerome Samson fight to a draw.
18:48 of 3rd period - Penalty to John McFarland for Fighting.
18:48 of 3rd period - Penalty to Jerome Samson for Fighting.
18:49 of 3rd period - Marc-Andre Cliche wins face-off versus T.J. Hensick in Americans zone.
19:09 of 3rd period - Minor Penalty to Tim Jackman for Roughing.
19:10 of 3rd period - Peter Regin wins face-off versus Marc-Andre Cliche in Americans zone.
19:30 of 3rd period - Wrist shot by Mark Mancari.
19:30 of 3rd period - Deflect By Peter Regin.
19:30 of 3rd period - Stopped by Petr Mrazek with a rebound.
19:32 of 3rd period - Snap shot by Peter Regin.
19:32 of 3rd period - Stopped by Petr Mrazek without a rebound.
19:33 of 3rd period - Marc-Andre Cliche wins face-off versus T.J. Hensick in Americans zone.
Goals for this period are 0 for Americans vs 1 for Griffins.
Shots for this period are 6 for Americans vs 10 for Griffins.